Map: Solaris LE

Players

Zerg - Winner!

  • Race: Terran Terran
  • League: Diamond
  • Spawn Location: 1:00

SubN

  • Race: Zerg Zerg
  • League: Diamond
  • Spawn Location: 7:00

VOD

Have the link to the VOD?

Description

Time

  • Played on: Dec. 27, 2023, 1:20 p.m.
  • Length: 10:00
Show
View Real Time Build Order
Export as new Build Order

Zerg Terran - Winner!

Build Orders: 1/1/1, Liberator Opening 

Get SALT Encoding   

  12  0:00  SCV  
  13  0:12  SCV  
  14  0:18  Supply Depot  
  14  0:24  SCV  
  15  0:29  Refinery  
  15  0:40  Barracks  
  15  0:46  SCV  
  16  0:56  Refinery  
  16  0:58  SCV  
  17  1:10  SCV  
  18  1:11  Supply Depot  
  18  1:22  SCV  
  19  1:28  Reaper  
  20  1:38  Factory  
  20  1:49  Orbital Command  
  20  2:08  Barracks Reactor  
  20  2:15  SCV  
  21  2:17  Supply Depot  
  21  2:22  Hellion  
  23  2:26  Starport  
  23  2:27  SCV  
  24  2:41  SCV  
  25  2:53  SCV  
  25  2:55  Hellion  
  25  2:56  Hellion  
  25  2:57  Reaper  
  31  3:04  Liberator  
  31  3:05  SCV  
  35  3:17  Supply Depot, SCV  
  36  3:28  Command Center  
  37  3:34  SCV  
  37  3:40  Supply Depot  
  37  3:42  Marine  
  37  3:47  SCV  
  39  3:59  SCV  
  34  4:05  Barracks Tech Lab  
  34  4:09  Hellion, Widow Mine  
  38  4:18  SCV  
  37  4:26  Barracks  
  37  4:29  Barracks  
  37  4:38  Hellion x2  
  41  4:41  Stimpack  
  41  4:47  Orbital Command  
  41  4:54  Barracks  
  41  4:55  Starport Reactor  
  41  4:59  Marine  
  42  5:03  Widow Mine  
  42  5:04  Orbital Command, Widow Mine  
  46  5:18  Barracks Tech Lab, Barracks Reactor  
  46  5:22  SCV  
  47  5:33  Supply Depot  
  47  5:34  Supply Depot  
  47  5:35  SCV x2  
  49  5:47  SCV  
  50  5:54  SCV  
  50  5:57  Barracks Reactor  
  51  5:59  SCV  
  51  6:01  Viking  
  51  6:02  Medivac  
  56  6:06  SCV  
  56  6:09  Engineering Bay  
  56  6:10  Engineering Bay  
  56  6:11  SCV  
  58  6:12  Combat Shield  
  58  6:14  Marauder, Marine  
  58  6:18  SCV, Factory Tech Lab  
  61  6:20  Concussive Shells  
  61  6:23  SCV  
  63  6:25  Refinery  
  63  6:26  Refinery  
  63  6:27  Barracks  
  63  6:30  SCV  
  64  6:33  Supply Depot  
  64  6:35  SCV  
  65  6:43  SCV  
  66  6:47  SCV, Siege Tank  
  70  6:55  SCV  
  70  6:59  SCV  
  70  7:01  Marauder x2, Marine x2  
  78  7:04  Medivac  
  78  7:05  Medivac  
  78  7:07  Terran Infantry Armor Level 1, Terran Infantry Weapons Level 1, SCV  
  83  7:11  SCV  
  83  7:13  Supply Depot  
  84  7:19  Supply Depot, SCV  
  83  7:23  SCV  
  84  7:38  Medivac  
  84  7:39  Viking, Armory  
  84  7:40  Marauder x2, Marine x6  
  96  7:53  Factory  
  96  7:54  Siege Tank  
  99  8:05  Marine  
  99  8:06  Marauder  
  99  8:09  SCV x2  
  104  8:26  Command Center, Siege Tank  
  107  8:29  Marauder, Marine  
  110  8:45  Supply Depot x2  
  110  8:46  Supply Depot  
  110  8:49  Supply Depot  
  110  9:00  SCV  
  110  9:01  Marauder  
  110  9:06  Marauder, Marine x4, SCV  
  117  9:13  SCV  
  118  9:18  SCV  
  117  9:28  Marauder  
  117  9:30  SCV  
  116  9:41  Factory Tech Lab  
Show
View Real Time Build Order
Export as new Build Order

SubN Zerg 

Build Orders: Hatch First 

Get SALT Encoding   

  12  0:00  Drone  
  13  0:12  Overlord  
  13  0:17  Drone  
  14  0:30  Drone x2  
  16  0:49  Hatchery  
  15  0:52  Drone  
  15  0:55  Drone  
  17  0:59  Drone  
  18  1:08  Extractor  
  17  1:14  Spawning Pool  
  17  1:16  Drone  
  17  1:20  Drone  
  18  1:32  Drone  
  19  1:38  Drone  
  20  1:49  Overlord  
  20  2:04  Queen x2  
  24  2:09  Zergling x4  
  24  2:10  Metabolic Boost  
  24  2:15  Drone x2  
  28  2:29  Drone  
  30  2:30  Drone  
  30  2:39  Drone x2  
  32  2:51  Queen  
  32  2:57  Drone x3, Hatchery  
  36  2:59  Overlord  
  36  3:10  Overlord  
  36  3:13  Overlord  
  36  3:20  Drone x2  
  36  3:26  Drone  
  36  3:27  Drone  
  40  3:37  Drone  
  40  3:40  Drone  
  42  3:47  Drone  
  43  3:49  Overlord  
  40  4:01  Drone x7  
  46  4:15  Drone x3  
  49  4:21  Overlord  
  49  4:22  Overlord, Queen  
  51  4:25  Lair  
  51  4:27  Extractor  
  51  4:29  Extractor  
  51  4:31  Extractor  
  48  4:40  Drone x6  
  48  4:43  Drone  
  48  4:44  Drone  
  56  4:57  Drone x4  
  56  4:58  Drone x2  
  60  5:08  Queen  
  60  5:09  Queen  
  62  5:22  Spore Crawler  
  62  5:24  Spore Crawler  
  62  5:27  Spore Crawler  
  59  5:40  Drone  
  59  5:42  Drone x2  
  62  5:43  Drone  
  62  5:44  Drone x12  
  62  5:47  Extractor  
  74  5:52  Queen  
  76  6:00  Queen  
  76  6:01  Drone x3  
  81  6:04  Hatchery  
  81  6:09  Drone  
  81  6:12  Extractor  
  81  6:17  Zergling x8  
  81  6:18  Zergling x2  
  85  6:20  Drone x2  
  87  6:28  Roach Warren  
  87  6:31  Drone, Spire  
  86  6:37  Overseer  
  86  6:39  Overlord  
  86  6:49  Drone  
  87  6:55  Overlord x2  
  87  6:56  Overlord x4  
  87  7:02  Drone x7  
  94  7:17  Drone x4  
  94  7:19  Drone  
  94  7:22  Queen  
  96  7:36  Spore Crawler  
  95  7:46  Drone x2  
  95  7:47  Drone x10  
  95  7:49  Extractor  
  95  7:50  Extractor  
  105  7:58  Zerg Flyer Weapons Level 1  
  105  7:59  Glial Reconstitution  
  105  8:00  Roach x2  
  105  8:01  Roach x7  
  105  8:05  Hatchery  
  122  8:22  Drone  
  122  8:23  Drone x2  
  122  8:24  Overlord x4  
  125  8:28  Mutalisk  
  125  8:29  Mutalisk x4  
  125  8:33  Overseer x3  
  125  8:34  Overlord x6  
  135  8:43  Drone x2  
  137  8:49  Evolution Chamber x2  
  137  8:50  Overseer  
  128  9:03  Drone x2  
  128  9:04  Drone, Queen  
  128  9:06  Mutalisk, Queen  
  128  9:07  Mutalisk x6  
  149  9:13  Zergling x2  
  149  9:14  Zergling x16  
  153  9:28  Mutalisk  
  127  9:32  Zergling x2  
  127  9:33  Zergling x10  
Tags
 
Add a new tag
Caveats
  • Supply blocks, unpowered buildings, or Contaminate may cause inaccurate times.
  • Supply counts are checked every 10 seconds.